cohdb
Replays
Latest Replays
All Replays
Popular Replays
Top Player Replays
Match Explorer
How It Works
Community
CoH3 Stats
Reddit
Sign in to upload your games and track your stats! →
Sign in with Steam
Match 45848430
Unlisted
Match 45848430
Overview
Messages
Build Orders
End
Panzergrenadier Squad
Selects Panzerjäger Kommand Battlegroup
Panzergrenadier Squad
Panzergrenadier Squad
Construct Light Support Kompanie
Fire Support Elements
2.5-tonne Medical Truck
Construct Mechanized Kompanie
Flakvierling Half-track
Panzerpioneer Squad
Panzerjäger Squad
Panzerjäger Squad
Selects Tank Busters
Selects Mine Fields
Selects Crew Shock Tactics
Selects Early Warning
Marder III Tank Destroyer
Construct Panzerarmee Kommand
18-tonne Recovery Half-track
Walking Stuka Rocket Launcher
Selects Butterfly Bomb Drop
Butterfly Bomb Drop
Marder III Tank Destroyer
Armored Reserves
Marder III Tank Destroyer
Butterfly Bomb Drop
Dartarius
Pumapuncu
Raygun
P2A3W4E5
Thunder_bolt
樱岛麻衣
Planeman5
potatoo
0
0
Comments
sign in to comment!
No comments posted yet!